[Event "Titled Tuesday Blitz August 08 Early 2023"]
[White "Jodorcovsky Werjivker, Paulo"]
[Black "Polaczek, Richard"]
[WhiteFideId "3700305"]
[BlackFideId "200026"]
[WhiteElo "2188"]
[BlackElo "2382"]
[Result "0-1"]
[Round "7"]
[TimeControl "180+1"]
[Date "2023.08.08"]
[WhiteClock "0:00:19"]
[BlackClock "0:00:57"]
[Board "186"]

1. d4 Nf6 2. c4 e6 3. Nc3 Bb4 4. f3 d5 5. a3 Bxc3+ 6. bxc3 c5 7. cxd5 exd5 8. e3 c4 9. g4 O-O 10. Ne2 Nc6 11. Bg2 Re8 12. O-O b5 13. Rb1 Rb8 14. Ng3 h6 15. Qc2 a5 16. e4 dxe4 17. fxe4 b4 18. e5 Nd5 19. axb4 axb4 20. Qf2 Be6 21. cxb4 Ncxb4 22. Ba3 Nd3 23. Rxb8 Qxb8 24. Qf3 Qa7 25. Bc5 Nxc5 26. dxc5 Qxc5+ 27. Kh1 Qd4 28. Re1 c3 29. Nf5 Qf4 30. Qxf4 Nxf4 31. Nd6 Rb8 32. Rc1 Ne2 33. Re1 c2 34. Nb7 c1=Q 35. Rxc1 Nxc1 36. Kg1 Nd3 37. Kf1 Nxe5 38. Ke2 Nxg4 39. Kd3 Nxh2 0-1


[Site "https://www.chess.com"]

[Event "Titled Tuesday Blitz August 08 Early 2023"]
[White "Gu, Xiaobing"]
[Black "cycygogne"]
[WhiteFideId "8602611"]
[WhiteElo "2382"]
[BlackElo "2182"]
[Result "1-0"]
[Round "7"]
[TimeControl "180+1"]
[Date "2023.08.08"]
[WhiteClock "0:00:47"]
[BlackClock "0:00:56"]
[Board "187"]

1. e4 d5 2. exd5 Qxd5 3. Nc3 Qd6 4. d4 Nf6 5. Nf3 c6 6. Ne5 Qd8 7. Bc4 e6 8. O-O Nbd7 9. Qe2 Nxe5 10. dxe5 Nd5 11. Ne4 Be7 12. Qg4 g6 13. Bh6 Bd7 14. h4 Qc7 15. Bg5 Qxe5 16. Rae1 Qf5 17. Qg3 f6 18. Bxd5 cxd5 19. Bxf6 Rf8 20. Bxe7 Kxe7 21. Qd6+ Kd8 22. Nc5 Rf7 23. Nxe6+ 1-0


[Site "https://www.chess.com"]

[Event "Titled Tuesday Blitz August 08 Early 2023"]
[White "Mirzanurov, Bulat"]
[Black "Buscar, Michael"]
[WhiteFideId "4184521"]
[BlackFideId "2603616"]
[WhiteElo "2171"]
[BlackElo "2381"]
[Result "0-1"]
[Round "7"]
[TimeControl "180+1"]
[Date "2023.08.08"]
[WhiteClock "0:00:00"]
[BlackClock "0:02:54"]
[Board "188"]

1. e4 c5 2. Nf3 Nc6 3. Bb5 Nf6 4. e5 Nd5 5. O-O g6 6. c3 Bg7 7. d4 cxd4 8. cxd4 O-O 9. Re1 Nc7 10. Bc4 d5 0-1


[Site "https://www.chess.com"]

[Event "Titled Tuesday Blitz August 08 Early 2023"]
[White "Butti, Enrique"]
[Black "Luong Phuong Hanh"]
[WhiteFideId "3700470"]
[BlackFideId "12401013"]
[WhiteElo "2166"]
[BlackElo "2376"]
[Result "0-1"]
[Round "7"]
[TimeControl "180+1"]
[Date "2023.08.08"]
[WhiteClock "0:02:08"]
[BlackClock "0:02:08"]
[Board "189"]

1. d4 Nf6 2. c4 g6 3. Nc3 d5 4. cxd5 Nxd5 5. e4 Nxc3 6. bxc3 Bg7 7. Bc4 O-O 8. Ne2 c5 9. O-O Nc6 10. Be3 Na5 11. Bd3 b6 12. Qd2 e5 13. d5 f5 14. f3 f4 15. Bf2 c4 16. Bc2 Qd6 17. Rfd1 g5 18. Qc1 g4 19. a4 gxf3 20. gxf3 Bh3 0-1


[Site "https://www.chess.com"]

[Event "Titled Tuesday Blitz August 08 Early 2023"]
[White "Sailer, Mike"]
[Black "Melikhov, Evgeny V."]
[WhiteFideId "2012901"]
[BlackFideId "4122046"]
[WhiteElo "2163"]
[BlackElo "2357"]
[Result "1/2-1/2"]
[Round "7"]
[TimeControl "180+1"]
[Date "2023.08.08"]
[WhiteClock "0:00:04"]
[BlackClock "0:00:02"]
[Board "190"]

1. e4 c5 2. d4 cxd4 3. Qxd4 Nc6 4. Qd3 d6 5. Nf3 e5 6. Nc3 h6 7. h3 Nf6 8. Be3 Be7 9. Be2 Be6 10. O-O d5 11. exd5 Nxd5 12. Nxd5 Qxd5 13. Qxd5 Bxd5 14. Rad1 O-O-O 15. b3 f5 16. c4 Be6 17. Rxd8+ Rxd8 18. Rd1 Rxd1+ 19. Bxd1 f4 20. Bc1 e4 21. Nd2 e3 22. fxe3 fxe3 23. Ne4 Bf5 24. Ng3 Bb1 25. Bxe3 Bxa2 26. Nf5 Bf6 27. Nd6+ Kb8 28. Bf4 Be5 29. Bxe5 Nxe5 30. Kf2 Nd3+ 31. Ke3 Nc1 32. b4 b6 33. Kd4 a5 34. bxa5 bxa5 35. Nf5 Bb1 36. Nxg7 Bg6 37. Ne6 Kb7 38. Nf4 Bf7 39. Nd5 Na2 40. Nc3 Nb4 41. Na4 Kc6 42. Nc3 Kd6 43. Ba4 Na6 44. Ne4+ Kc7 45. c5 Nb4 46. Ke5 Nc6+ 47. Bxc6 Kxc6 48. Kd4 Kb5 49. g4 Be8 50. h4 Kc6 51. g5 hxg5 52. hxg5 Bg6 53. Nc3 Bf7 54. Na4 Bg6 55. Nc3 Bf7 56. Ne4 a4 57. Nc3 a3 58. Na2 Bxa2 59. g6 Bg8 60. Kc3 a2 61. Kb2 Kxc5 62. Ka1 Kb4 63. g7 Ka3 1/2-1/2


[Site "https://www.chess.com"]

[Event "Titled Tuesday Blitz August 08 Early 2023"]
[White "Hoffmann, Asa"]
[Black "Kuchava, Ana"]
[WhiteFideId "2001470"]
[BlackFideId "13605348"]
[WhiteElo "2352"]
[BlackElo "2165"]
[Result "1-0"]
[Round "7"]
[TimeControl "180+1"]
[Date "2023.08.08"]
[WhiteClock "0:00:37"]
[BlackClock "0:00:00"]
[Board "191"]

1. d4 d5 2. Bg5 Nf6 3. Nd2 Bf5 4. e3 e5 5. dxe5 h6 6. Bh4 g5 7. Bg3 Ne4 8. Nxe4 Bxe4 9. f3 Bg6 10. Bd3 Bxd3 11. Qxd3 Bg7 12. Ne2 c6 13. h4 Nd7 14. f4 Nc5 15. Qd1 Ne4 16. c3 Qb6 17. Qc1 O-O-O 18. a4 a5 19. Bf2 gxf4 20. Nxf4 Bxe5 21. O-O Rhg8 22. Qd1 Nxf2 23. Rxf2 Qxe3 24. Qf3 Bxf4 25. Qxf4 Qxf4 26. Rxf4 Rg7 27. Raf1 Rdg8 28. R1f2 Rg4 29. Kh2 Rxf4 30. Rxf4 Rg7 31. Kh3 h5 32. Rf5 Rg4 33. Rxh5 Rxa4 34. Rf5 Kd7 35. h5 Ke6 36. g4 Ra1 37. Kg2 Rb1 38. h6 Rxb2+ 39. Kg3 Rb1 40. Rh5 1-0


[Site "https://www.chess.com"]

[Event "Titled Tuesday Blitz August 08 Early 2023"]
[White "Putri, Regita Desyari"]
[Black "Ai, Evan"]
[WhiteFideId "7109083"]
[BlackFideId "2094770"]
[WhiteElo "2160"]
[BlackElo "2347"]
[Result "1-0"]
[Round "7"]
[TimeControl "180+1"]
[Date "2023.08.08"]
[WhiteClock "0:00:25"]
[BlackClock "0:00:00"]
[Board "192"]

1. e4 c5 2. Nf3 d6 3. d4 cxd4 4. Nxd4 Nf6 5. Nc3 a6 6. h3 e5 7. Nde2 h5 8. g3 Be6 9. Bg2 Nbd7 10. O-O Be7 11. Be3 b5 12. a3 Rc8 13. Qd2 Nb6 14. b3 O-O 15. Rad1 Qc7 16. f4 Rfd8 17. f5 Bd7 18. Rc1 d5 19. Nxd5 Nbxd5 20. exd5 Bxa3 21. Ra1 Qd6 22. Bg5 Bc5+ 23. Kh2 Re8 24. c4 e4 25. Bf4 Qf8 26. Rxa6 Ra8 27. Rxa8 Rxa8 28. Be5 Qe7 29. Qb2 Re8 30. Bxf6 Qxf6 31. Qxf6 gxf6 32. Nf4 e3 33. Nxh5 bxc4 34. Nxf6+ Kg7 35. Nxe8+ Bxe8 36. bxc4 Bb4 37. Bf3 Ba4 38. Be2 Bb3 39. Rf3 Bd2 40. Kg2 Kf6 41. g4 Bc2 42. Rf1 Ke5 43. Ra1 Be4+ 44. Kf1 Kf4 45. d6 1-0


[Site "https://www.chess.com"]

[Event "Titled Tuesday Blitz August 08 Early 2023"]
[White "Semenova, Alina"]
[Black "MarijaKuznecova"]
[WhiteFideId "24113875"]
[WhiteElo "2096"]
[BlackElo "2347"]
[Result "0-1"]
[Round "7"]
[TimeControl "180+1"]
[Date "2023.08.08"]
[WhiteClock "0:00:00"]
[BlackClock "0:00:35"]
[Board "193"]

1. e4 c5 2. Nf3 d6 3. d4 cxd4 4. Nxd4 Nf6 5. Nc3 a6 6. f3 e5 7. Nb3 Be6 8. Be3 Be7 9. Qd2 O-O 10. O-O-O a5 11. Kb1 a4 12. Nc1 a3 13. b3 Nc6 14. Nd5 Bxd5 15. exd5 Nb8 16. g4 Nbd7 17. h4 Rc8 18. h5 h6 19. Be2 Nb6 20. c4 Nbd7 21. Rdg1 Nh7 22. Bd3 Ng5 23. f4 Nf3 24. Qg2 Nxg1 25. Rxg1 exf4 26. Bxf4 Nc5 27. Bf5 Rc7 28. Ne2 Bg5 29. Bg3 Qf6 30. Nf4 Re7 31. Rf1 Rfe8 32. Ne6 Qc3 33. Nxg5 hxg5 0-1


[Site "https://www.chess.com"]

[Event "Titled Tuesday Blitz August 08 Early 2023"]
[White "Stachanczyk, Jacek"]
[Black "Aepfler, Christian"]
[WhiteFideId "1116657"]
[BlackFideId "4628306"]
[WhiteElo "2344"]
[BlackElo "2093"]
[Result "0-1"]
[Round "7"]
[TimeControl "180+1"]
[Date "2023.08.08"]
[WhiteClock "0:00:00"]
[BlackClock "0:00:11"]
[Board "194"]

1. c4 e6 2. g3 d5 3. Bg2 Nf6 4. Nf3 Be7 5. O-O O-O 6. b3 d4 7. Bb2 c5 8. e3 Nc6 9. exd4 Nxd4 10. Nxd4 cxd4 11. Re1 a5 12. d3 Bb4 13. Re2 Ra6 14. a3 Bc5 15. Nd2 Rd6 16. Ne4 Nxe4 17. Bxe4 f5 18. Bg2 Qf6 19. Qd2 f4 20. b4 f3 21. bxc5 Rc6 22. Re4 fxg2 23. Bxd4 Qf3 24. Rae1 Rc7 25. Qg5 e5 26. Qxe5 Rcf7 27. Be3 Rf5 28. Qe7 R5f7 29. Qd6 Bh3 30. Qd5 Kh8 31. Rf4 Rxf4 32. Bxf4 Qg4 33. f3 Qc8 34. Re7 Rd8 35. Qe5 Rg8 36. Be3 Qc6 37. Bd4 Qg6 38. g4 h5 39. Qxh5+ Qxh5 40. gxh5 Kh7 0-1


[Site "https://www.chess.com"]

[Event "Titled Tuesday Blitz August 08 Early 2023"]
[White "dr_tatiana"]
[Black "Verony64"]
[WhiteElo "2344"]
[BlackElo "2087"]
[Result "1-0"]
[Round "7"]
[TimeControl "180+1"]
[Date "2023.08.08"]
[WhiteClock "0:00:17"]
[BlackClock "0:00:26"]
[Board "195"]

1. e4 e5 2. Nc3 d6 3. f4 exf4 4. Nf3 h6 5. d4 g5 6. Bc4 Bg7 7. O-O Ne7 8. Nd5 Ng6 9. h4 g4 10. h5 Nh4 11. Nxh4 Qxh4 12. Bxf4 O-O 13. g3 Qd8 14. Qd2 c6 15. Nc3 c5 16. dxc5 dxc5 17. Bxh6 Qd4+ 18. Kg2 Bxh6 19. Qxh6 Qxc4 20. Qg5+ Kh7 21. h6 Qd4 22. e5 Rg8 23. Rxf7+ Kh8 24. Qf6+ 1-0


[Site "https://www.chess.com"]

[Event "Titled Tuesday Blitz August 08 Early 2023"]
[White "Villuendas Valero, Adrian"]
[Black "Ibadov, Dashgyn"]
[WhiteFideId "2262460"]
[BlackFideId "24107514"]
[WhiteElo "2317"]
[BlackElo "2518"]
[Result "0-1"]
[Round "7"]
[TimeControl "180+1"]
[Date "2023.08.08"]
[WhiteClock "0:01:41"]
[BlackClock "0:00:38"]
[Board "196"]

1. e4 e5 2. Nf3 Nc6 3. Bb5 a6 4. Bxc6 dxc6 5. d4 exd4 6. Qxd4 Qxd4 7. Nxd4 c5 8. Nb3 Bd7 9. Be3 b6 10. Nc3 Nf6 11. f3 Bd6 12. O-O-O O-O-O 13. Nd5 Nxd5 14. Rxd5 Be6 15. Rdd1 f5 16. Nd2 Rde8 17. Rhe1 Bxh2 18. Nf1 Bd6 19. a4 fxe4 20. fxe4 a5 21. Bf2 Rhf8 22. e5 Bxe5 23. Bxc5 Rxf1 24. Rxf1 bxc5 25. Rde1 Bf6 26. Re4 Bf7 27. Rfe1 Rxe4 28. Rxe4 Kd7 29. c3 Bd5 30. Re2 Bc6 31. b3 c4 32. Kb2 h5 33. b4 axb4 34. a5 Bxc3+ 35. Kb1 b3 36. a6 Ba5 37. Re5 Bb6 38. Rxh5 Be4+ 39. Kb2 Bd4+ 40. Ka3 b2 41. Rd5+ Bxd5 42. a7 b1=Q 43. a8=Q Qb3# 0-1


[Site "https://www.chess.com"]

[Event "Titled Tuesday Blitz August 08 Early 2023"]
[White "Goswami, Vedant"]
[Black "Nguyen Hong Nhung"]
[WhiteFideId "5003725"]
[BlackFideId "12412201"]
[WhiteElo "2293"]
[BlackElo "2441"]
[Result "0-1"]
[Round "7"]
[TimeControl "180+1"]
[Date "2023.08.08"]
[WhiteClock "0:00:02"]
[BlackClock "0:00:12"]
[Board "197"]

1. a3 d5 2. e4 dxe4 3. Nc3 Bf5 4. f3 exf3 5. Qxf3 Bc8 6. Bc4 Nf6 7. Nge2 e6 8. d4 Nc6 9. Be3 Be7 10. g4 O-O 11. O-O-O e5 12. h3 exd4 13. Nxd4 Ne5 14. Qe2 Nxc4 15. Qxc4 Bd6 16. Ndb5 Qe7 17. Rhe1 Be6 18. Qd4 Rfd8 19. Nxd6 Rxd6 20. Qf4 Rad8 21. Rxd6 Qxd6 22. Qxd6 Rxd6 23. Bf4 Rd7 24. Nb5 Nd5 25. Bg3 h5 26. gxh5 Bxh3 27. Nxa7 c6 28. Nc8 Bg4 29. c4 Nf6 30. h6 gxh6 31. Bh4 Kg7 32. Rf1 Ne4 33. Nb6 Rd3 34. Be1 f5 35. Nc8 Rd1+ 36. Kc2 Nd2 37. Rg1 Nf3 38. Bc3+ Nd4+ 39. Bxd4+ Rxd4 40. Ne7 Kf6 41. Ng8+ Kg5 42. Kc3 Rf4 43. Ne7 Rf3+ 44. Kb4 h5 45. Kc5 h4 46. a4 h3 47. a5 Rb3 48. Nxc6 bxc6 49. a6 Rxb2 50. Ra1 Rb8 51. a7 Ra8 52. Kxc6 h2 53. Kb6 Bf3 54. c5 h1=Q 55. Rxh1 Bxh1 56. c6 Bxc6 57. Kxc6 Rxa7 0-1


[Site "https://www.chess.com"]

[Event "Titled Tuesday Blitz August 08 Early 2023"]
[White "Pershina, Elena"]
[Black "Mikhaylova, Irina"]
[WhiteFideId "24147516"]
[BlackFideId "4109040"]
[WhiteElo "2375"]
[BlackElo "2256"]
[Result "0-1"]
[Round "7"]
[TimeControl "180+1"]
[Date "2023.08.08"]
[WhiteClock "0:00:31"]
[BlackClock "0:00:43"]
[Board "198"]

1. c4 Nf6 2. g3 c6 3. Bg2 d5 4. Nf3 g6 5. O-O Bg7 6. b3 Ne4 7. d4 O-O 8. Qc2 Bf5 9. Qb2 c5 10. Be3 Nc6 11. Rd1 dxc4 12. bxc4 Qb6 13. Qxb6 axb6 14. a4 Rfd8 15. Nh4 Nxd4 16. Nxf5 Nf3+ 17. Bxf3 Rxd1+ 18. Kg2 gxf5 0-1


[Site "https://www.chess.com"]

[Event "Titled Tuesday Blitz August 08 Early 2023"]
[White "Smiechu"]
[Black "Kohler, Aran"]
[BlackFideId "1002856"]
[WhiteElo "2362"]
[BlackElo "2250"]
[Result "0-1"]
[Round "7"]
[TimeControl "180+1"]
[Date "2023.08.08"]
[WhiteClock "0:02:21"]
[BlackClock "0:02:02"]
[Board "199"]

1. e4 c6 2. d4 d5 3. f3 dxe4 4. fxe4 e5 5. Nf3 exd4 6. Bc4 Qe7 7. O-O h6 8. Qxd4 Be6 9. Nc3 Bxc4 10. Qxc4 Qc5+ 11. Qxc5 Bxc5+ 12. Kh1 Nd7 13. Bf4 Ngf6 14. Ne5 O-O 15. Rad1 Nxe5 16. Bxe5 Ng4 17. Bg3 Ne3 18. Rfe1 Nxd1 19. Rxd1 Rad8 0-1


[Site "https://www.chess.com"]

[Event "Titled Tuesday Blitz August 08 Early 2023"]
[White "Shapiro, Daniel"]
[Black "Petersson, Kjell"]
[WhiteFideId "2001780"]
[BlackFideId "1705148"]
[WhiteElo "2340"]
[BlackElo "2197"]
[Result "1-0"]
[Round "7"]
[TimeControl "180+1"]
[Date "2023.08.08"]
[WhiteClock "0:00:25"]
[BlackClock "0:00:17"]
[Board "200"]

1. d4 f5 2. c4 Nf6 3. Nf3 e6 4. Qc2 Bb4+ 5. Nbd2 b6 6. g3 Bb7 7. Bg2 O-O 8. O-O d5 9. a3 Bd6 10. b4 c6 11. c5 Bc7 12. Bb2 Nbd7 13. Rad1 Ba6 14. Rfe1 bxc5 15. dxc5 Ne4 16. Nd4 e5 17. Ne6 Qc8 18. Nxf8 Qxf8 19. Nxe4 fxe4 20. Bxe4 Nf6 21. Bg2 Ng4 22. Rf1 Re8 23. h3 Nh6 24. Rfe1 Qf7 25. e4 d4 26. Bf1 Bxf1 27. Rxf1 Qh5 28. Kg2 Rf8 29. f3 Nf7 30. Qc4 Kh8 31. Qe6 Ng5 32. Qg4 Qg6 33. h4 Nf7 34. Qxg6 hxg6 35. f4 Kh7 36. fxe5 Bxe5 37. Bxd4 Bxd4 38. Rxd4 Kg8 39. Rd7 Ne5 40. Rxf8+ Kxf8 41. Rxa7 Nc4 42. a4 1-0


[Site "https://www.chess.com"]

[Event "Titled Tuesday Blitz August 08 Early 2023"]
[White "Rodriguez Santiago, Jaime"]
[Black "Lisjak, Zlatko"]
[WhiteFideId "3100898"]
[BlackFideId "14502186"]
[WhiteElo "2320"]
[BlackElo "2182"]
[Result "0-1"]
[Round "7"]
[TimeControl "180+1"]
[Date "2023.08.08"]
[WhiteClock "0:00:25"]
[BlackClock "0:00:39"]
[Board "201"]

1. c4 e5 2. Nc3 f5 3. g3 d6 4. Bg2 Nf6 5. e3 c6 6. Nge2 Be7 7. b3 O-O 8. O-O d5 9. cxd5 cxd5 10. d4 e4 11. h4 Nh5 12. Bd2 Nc6 13. Nxd5 Qxd5 14. Nc3 Qf7 15. g4 fxg4 16. Bxe4 Kh8 17. Bd5 Qg6 18. Bg2 Bxh4 19. Nd5 Bf5 20. b4 Be4 21. b5 Ne7 22. Nxe7 Bxe7 23. Rc1 Rac8 24. Qb3 Bxg2 25. Kxg2 Qe4+ 26. Kg1 Rxc1 27. Rxc1 Qf3 28. Be1 g3 29. Rc2 gxf2+ 30. Rxf2 Qg3+ 31. Kf1 Qh3+ 32. Ke2 Ng3+ 33. Kd1 Qg4+ 34. Kc2 Rxf2+ 35. Bxf2 Qe2+ 36. Kb1 Qxf2 37. Qe6 Bf8 38. d5 Qf6 39. Qc8 h5 40. e4 h4 41. e5 Qf5+ 42. Qxf5 Nxf5 43. Kc2 h3 0-1


[Site "https://www.chess.com"]

[Event "Titled Tuesday Blitz August 08 Early 2023"]
[White "Nayak Rajesh"]
[Black "Mitrovic, Darko R"]
[WhiteFideId "35017152"]
[BlackFideId "927023"]
[WhiteElo "2320"]
[BlackElo "2131"]
[Result "1/2-1/2"]
[Round "7"]
[TimeControl "180+1"]
[Date "2023.08.08"]
[WhiteClock "0:00:34"]
[BlackClock "0:00:04"]
[Board "202"]

1. c4 e5 2. Nc3 Nc6 3. g3 f5 4. Bg2 Nf6 5. e3 Be7 6. Nge2 O-O 7. O-O d6 8. d3 Be6 9. Rb1 Qd7 10. b4 Rae8 11. b5 Nd8 12. a4 d5 13. cxd5 Nxd5 14. Nxd5 Bxd5 15. Bxd5+ Qxd5 16. Qb3 Qxb3 17. Rxb3 Ne6 18. d4 exd4 19. Nxd4 Nxd4 20. exd4 Bd6 21. Be3 Kf7 22. Kg2 b6 23. d5 Re4 24. Ra1 Rfe8 25. a5 Rc4 26. axb6 axb6 27. Ra7 Ree4 28. Bxb6 Kf6 29. Be3 Rb4 30. Rxb4 Rxb4 31. Rb7 g5 32. b6 cxb6 33. Rxh7 f4 34. Bd2 Rc4 35. Rh6+ Ke5 36. gxf4+ gxf4 37. Bxf4+ Kxf4 38. Rxd6 b5 39. Rb6 b4 40. d6 Rd4 41. d7 Rxd7 42. Rxb4+ Kg5 43. Kg3 Rd3+ 44. f3 Ra3 45. Rb5+ Kf6 46. h4 Ra4 47. Rg5 Ra3 48. Rg4 Ra5 49. Kf4 Ra4+ 50. Kg3 Ra5 51. Rg5 Ra4 52. f4 Ra3+ 53. Kg4 Ra1 54. Kh5 Rf1 55. f5 Rxf5 56. Kh6 Rf4 57. h5 Rf1 58. Rg6+ Kf7 59. Kh7 Rh1 60. h6 Rf1 61. Rg7+ Kf8 62. Rb7 Rf7+ 63. Rxf7+ Kxf7 64. Kh8 Kf8 65. Kh7 Kf7 66. Kh8 Kf8 67. h7 Kf7 1/2-1/2


[Site "https://www.chess.com"]

[Event "Titled Tuesday Blitz August 08 Early 2023"]
[White "Carrasco Miranda, Andres"]
[Black "Pumpkin_in_moonlight"]
[WhiteFideId "3405990"]
[WhiteElo "2347"]
[BlackElo "2179"]
[Result "1-0"]
[Round "7"]
[TimeControl "180+1"]
[Date "2023.08.08"]
[WhiteClock "0:00:46"]
[BlackClock "0:00:32"]
[Board "203"]

1. d4 d5 2. c4 e6 3. Nf3 c6 4. g3 Nf6 5. Bg2 Bb4+ 6. Nbd2 dxc4 7. O-O c3 8. Nc4 cxb2 9. Bxb2 O-O 10. a4 c5 11. Qb3 Nc6 12. Rfd1 Na5 13. Nxa5 Qxa5 14. Ne5 Nd7 15. Nc4 Qc7 16. d5 exd5 17. Rxd5 Nb6 18. Rg5 f6 19. Nxb6+ Kh8 20. Nxa8 Qb8 21. Rh5 Qxa8 22. Be4 h6 23. Qe3 Bg4 24. Rxh6+ gxh6 25. Qxh6+ Kg8 26. Qh7# 1-0


[Site "https://www.chess.com"]

[Event "Titled Tuesday Blitz August 08 Early 2023"]
[White "Hrescak, Ivana"]
[Black "LLariMarc"]
[WhiteFideId "14613441"]
[WhiteElo "2203"]
[BlackElo "2307"]
[Result "1-0"]
[Round "7"]
[TimeControl "180+1"]
[Date "2023.08.08"]
[WhiteClock "0:00:12"]
[BlackClock "0:01:59"]
[Board "205"]

1. e4 e6 2. d4 d5 3. Nc3 Nf6 4. e5 Nfd7 5. f4 c5 6. Nf3 Nc6 7. Be3 a6 8. Ne2 b5 9. c3 Nb6 10. dxc5 Nc4 11. Bd4 Nxb2 12. Qc2 Na4 13. g3 Bxc5 14. Bg2 Nxd4 15. cxd4 Bb4+ 16. Kf2 O-O 17. Ng5 g6 18. h4 h5 19. Bf3 f5 20. exf6 Qxf6 21. Qc7 Qe7 22. Qc2 Qg7 23. Rac1 Bb7 24. Nxe6 Qf6 25. Nxf8 Rxf8 26. Qc7 Rf7 27. Qe5 Qxe5 28. dxe5 Nb6 29. Rhd1 Kg7 30. Nd4 Rd7 31. e6 Re7 32. Nc6 Bxc6 33. Rxc6 Nc4 34. Bxd5 Nd6 35. Bb3 Nf5 36. Rxa6 Bc5+ 37. Kf3 Nd4+ 38. Kg2 Kf6 39. Ra8 Kf5 40. Rf8+ Ke4 41. Rf7 Nf5 42. Rxe7 Bxe7 43. Rd7 Ne3+ 44. Kf2 Ng4+ 45. Ke2 Bc5 46. Bc2# 1-0


[Site "https://www.chess.com"]

[Event "Titled Tuesday Blitz August 08 Early 2023"]
[White "Samarth J Rao"]
[Black "Iunusovnuriddin"]
[WhiteFideId "46652370"]
[WhiteElo "2175"]
[BlackElo "2301"]
[Result "0-1"]
[Round "7"]
[TimeControl "180+1"]
[Date "2023.08.08"]
[WhiteClock "0:00:00"]
[BlackClock "0:00:23"]
[Board "206"]

1. d4 Nf6 2. Nf3 g6 3. g3 Bg7 4. Bg2 O-O 5. O-O d6 6. b3 e5 7. dxe5 dxe5 8. Bb2 Nc6 9. Nxe5 Qxd1 10. Rxd1 Ng4 11. f4 Ngxe5 12. fxe5 Nxe5 13. Nd2 Bg4 14. Re1 c6 15. Rad1 Rad8 16. h3 Bf5 17. e4 Be6 18. Bxe5 Bxe5 19. Nf3 Bxg3 20. Rxd8 Rxd8 21. Rf1 h6 22. c4 a5 23. Rc1 Bf4 24. Rc2 a4 25. Kf2 a3 26. Ne1 Rd2+ 27. Rxd2 Bxd2 28. Nd3 f6 29. e5 f5 30. Nc5 Bc8 31. e6 Kf8 32. h4 Ke7 33. h5 g5 34. Bh3 g4 35. Bg2 Bb4 36. Nd3 Bd6 37. c5 Bc7 38. Nb4 Bxe6 39. Nc2 f4 40. Nxa3 g3+ 41. Kf1 Bg4 42. Nc4 f3 43. Bxf3 Bxf3 44. Nd2 Bd5 45. Nb1 g2+ 0-1


[Site "https://www.chess.com"]

[Event "Titled Tuesday Blitz August 08 Early 2023"]
[White "Tosic, Srecko"]
[Black "Grigoryan, Meri"]
[WhiteFideId "924563"]
[BlackFideId "13300571"]
[WhiteElo "2301"]
[BlackElo "2164"]
[Result "1-0"]
[Round "7"]
[TimeControl "180+1"]
[Date "2023.08.08"]
[WhiteClock "0:01:06"]
[BlackClock "0:00:05"]
[Board "207"]

1. e4 e5 2. Nf3 Nc6 3. Bb5 f5 4. Nc3 fxe4 5. Nxe4 d5 6. Nxe5 dxe4 7. Qe2 Nf6 8. Nxc6 bxc6 9. Bxc6+ Bd7 10. Bxa8 Qxa8 11. d3 Bc5 12. dxe4 Qxe4 13. Qxe4+ Nxe4 14. f3 Nf2 15. Rf1 O-O 16. Rxf2 Bxf2+ 17. Kxf2 Bb5 18. Be3 a5 19. Rd1 Re8 20. b3 Kf7 21. c4 Bc6 22. Rd4 a4 23. b4 Rb8 24. b5 Be8 25. Bf4 Rb7 26. Be3 c6 27. Rf4+ Kg6 28. b6 a3 29. c5 Bf7 30. Ra4 Bxa2 31. Rxa3 Bd5 32. Bf4 Kf5 33. Ra7 1-0


[Site "https://www.chess.com"]

[Event "Titled Tuesday Blitz August 08 Early 2023"]
[White "Kaminski, Victor"]
[Black "Tarnowska, Aleksandra"]
[WhiteFideId "1131630"]
[BlackFideId "1180967"]
[WhiteElo "2279"]
[BlackElo "2156"]
[Result "0-1"]
[Round "7"]
[TimeControl "180+1"]
[Date "2023.08.08"]
[WhiteClock "0:01:27"]
[BlackClock "0:01:35"]
[Board "208"]

1. e4 c5 2. Nf3 e6 3. d4 cxd4 4. Nxd4 a6 5. c4 Nf6 6. Nc3 Bb4 7. Qd3 Qc7 8. Bd2 Nc6 9. O-O-O O-O 10. f4 Bxc3 11. Bxc3 d5 12. e5 Ne4 13. Be1 b5 14. cxd5 Nb4+ 0-1


[Site "https://www.chess.com"]

[Event "Titled Tuesday Blitz August 08 Early 2023"]
[White "LuxLinster"]
[Black "Novikova, Margarita"]
[BlackFideId "14109689"]
[WhiteElo "2276"]
[BlackElo "2108"]
[Result "0-1"]
[Round "7"]
[TimeControl "180+1"]
[Date "2023.08.08"]
[WhiteClock "0:00:00"]
[BlackClock "0:00:39"]
[Board "209"]

1. d4 g6 2. e4 Bg7 3. c3 c5 4. dxc5 Qc7 5. Be3 a5 6. Na3 Na6 7. Nb5 Qc6 8. Qd5 Nf6 9. Qc4 Qxe4 10. Nf3 O-O 11. O-O-O Qxc4 12. Bxc4 Ne4 13. Rd5 e6 14. Rdd1 Nexc5 15. Nd6 b6 16. Nxc8 Raxc8 17. Bxa6 Nxa6 18. Rxd7 Nb4 19. Bxb6 Nd5 20. Bd4 Bh6+ 21. Kb1 a4 22. Ra7 Ra8 23. Rxa8 Rxa8 24. c4 Nb4 25. Bc3 Nd3 26. Rf1 Rc8 27. Kc2 Nf4 28. g3 Nh5 29. b3 axb3+ 30. axb3 Bg7 31. Rd1 Nf6 32. Ne5 Ne4 33. Bd4 Nxf2 34. Bxf2 Bxe5 35. Bd4 Bd6 36. Kc3 e5 37. Be3 Bc7 38. b4 f5 0-1


[Site "https://www.chess.com"]

[Event "Titled Tuesday Blitz August 08 Early 2023"]
[White "Floresvillar Gonzalez, Luis Migu"]
[Black "Tqebuchava, Zurab"]
[WhiteFideId "5100542"]
[BlackFideId "13601113"]
[WhiteElo "2148"]
[BlackElo "2250"]
[Result "0-1"]
[Round "7"]
[TimeControl "180+1"]
[Date "2023.08.08"]
[WhiteClock "0:00:00"]
[BlackClock "0:00:03"]
[Board "210"]

1. d4 d6 2. c3 Nf6 3. Bf4 Nbd7 4. Nf3 g6 5. Qc1 c6 6. Bh6 Bxh6 7. Qxh6 Qb6 8. Qc1 O-O 9. Nbd2 a5 10. Nc4 Qb5 11. e3 Qh5 12. Be2 Qh6 13. a4 b6 14. h3 Ba6 15. Qd2 Ne4 16. Qc2 d5 17. Ncd2 Bxe2 18. Kxe2 Ndf6 19. Nxe4 Nxe4 20. Ne5 Qh5+ 21. g4 Qh4 22. Rh2 Rac8 23. Nd7 Rfd8 24. Ne5 c5 25. Nf3 Qf6 26. Rf1 cxd4 27. exd4 Qc6 28. Nd2 Nxd2 29. Kxd2 b5 30. axb5 Qxb5 31. Re1 e6 32. f4 Rb8 33. Rhe2 Qxb2 34. Qxb2 Rxb2+ 35. Kd3 Rb3 36. Ra2 Rc8 37. Rc1 Ra8 38. Ra4 Rb2 39. Rc2 Rb1 40. c4 Rh1 41. cxd5 exd5 42. Rc5 Rxh3+ 43. Ke2 Rg3 44. g5 Rg4 45. Kf3 Rg1 46. Rxd5 Rd1 47. Raxa5 Re8 48. Re5 Rc8 49. d5 Rd4 50. Re4 Rc3+ 51. Re3 Rcc4 52. f5 Rf4+ 53. Ke2 Rxf5 54. d6 Rd5 0-1


[Site "https://www.chess.com"]

[Event "Titled Tuesday Blitz August 08 Early 2023"]
[White "Maluco_do_Natal_00"]
[Black "Miguelitro69"]
[WhiteElo "2067"]
[BlackElo "2244"]
[Result "1/2-1/2"]
[Round "7"]
[TimeControl "180+1"]
[Date "2023.08.08"]
[WhiteClock "0:00:04"]
[BlackClock "0:00:16"]
[Board "211"]

1. e4 c5 2. Nf3 Nc6 3. d4 cxd4 4. Nxd4 g6 5. Nc3 Bg7 6. Be3 Nf6 7. Bc4 O-O 8. Bb3 d6 9. f3 Bd7 10. Qd2 a5 11. a4 Rc8 12. O-O-O Ne5 13. g4 Nc4 14. Bxc4 Rxc4 15. b3 Rc8 16. h4 h5 17. gxh5 Nxh5 18. Nd5 Bc6 19. Ne2 Bxd5 20. Qxd5 Qc7 21. c4 Qc6 22. Bd4 Qxd5 23. exd5 Rfe8 24. Bxg7 Nxg7 25. Nd4 Rc5 26. Rde1 Kf8 27. Kd2 e5 28. dxe6 fxe6 29. Rhg1 Kf7 30. Rg5 Nf5 31. Nxf5 Rxf5 32. Ke3 Rh8 33. Rxf5+ gxf5 34. Rh1 Kg6 35. f4 Kf6 36. h5 e5 37. Kf3 Rh6 38. Ke3 Ke6 39. Kf3 Kd7 40. fxe5 dxe5 41. Rd1+ Ke6 42. Rd5 Rxh5 43. Rxa5 Rh3+ 44. Ke2 Rxb3 45. Rc5 f4 46. Rc8 e4 47. Re8+ Kd6 48. Rxe4 f3+ 49. Kf2 Kc5 50. Rf4 b6 51. Kf1 Kb4 52. Kf2 Kxa4 53. c5+ Kb5 54. cxb6 Kxb6 55. Rxf3 Rb2+ 56. Kg3 Rb4 57. Rf4 Kc5 58. Rxb4 Kxb4 1/2-1/2


[Site "https://www.chess.com"]